 Dungeon Sprint DCSS version 0.30-a0-779-g7971cf19c3 (webtiles) character file.

Game seed: 6110147682799395240

1906 dialectric the Basher (level 9, -3/64 HPs)
             Began as a Gargoyle Fighter on Feb 17, 2023.
             Slain by a tentacle (8 damage)
             ... attached to a kraken
             ... in the Dungeon (Sprint II: "The Violet Keep of Menkaure").
             The game lasted 00:02:22 (295 turns).

dialectric the Basher (Gargoyle Fighter)             Turns: 295, Time: 00:02:22

Health: -3/64      AC: 17    Str: 19    XL:     9   Next: 16%
Magic:  9/9        EV: 10    Int: 10    God:
Gold:   638        SH:  0    Dex: 11    Spells: 8/8 levels left

rFire   + . .      SeeInvis .    d - +9 mace "Pewufulo" {venom, rF+ Will++ Str-2}
rCold   . . .      Faith    .    (no shield)
rNeg    + . .      Spirit   .    b - +0 scale mail
rPois   ∞          Reflect  .    (no helmet)
rElec   +          Harm     .    k - +0 cloak
rCorr   .          Rampage  .    (no gloves)
Will    ++...      NoTele   +    (no boots) Stlth
                                 (no amulet)
HPRegen 0.30/turn                (no ring)
MPRegen 0.11/turn                (no ring)

@: hasted, very quick
A: sickness immunity, AC +6, negative energy resistance 1, electricity
resistance, torment resistance 1, petrification resistance
a: no special abilities


You were in the Dungeon.
You visited 1 branch You collected 1061 gold pieces.
You spent 423 gold pieces at shops.

Inventory:

Hand Weapons
 a - a +0 flail
 d - the +9 mace "Pewufulo" (weapon) {venom, rF+ Will++ Str-2}
   (You bought it in a shop in the Dungeon)

   Str:       It affects your strength (-2).
   rF:        It protects you from fire.
   Will:      It greatly increases your willpower.
Armour
 b - a +0 scale mail (worn)
 c - a +0 buckler
 k - a +0 cloak (worn)
Scrolls
 i - a scroll of fear
 j - a scroll of blinking
 l - a scroll of poison
Potions
 e - a potion of curing
 f - 2 potions of heal wounds
 h - 2 potions of magic
 m - a potion of might


   Skills:
 - Level 11.1 Fighting
 * Level 12.6 Maces & Flails
 + Level 11.8 Armour
 - Level 1.1 Dodging
 - Level 8.2 Shields


You had 8 spell levels left.
You didn't know any spells.
Your spell library was empty.

Dungeon Overview and Level Annotations

Branches:
Dungeon (1/1)

Altars:
Cheibriados
Dithmenos
Elyvilon
Fedhas
Gozag
Hepliaklqana
Kikubaaqudgha
Makhleb
Qazlal
Ru
Sif Muna
Trog
Wu Jian
Xom
Jiyva
Lugonu

Shops:
D !:!=[:!*?!=(=[=

Annotations:
D exclusion: oklob plant


Innate Abilities, Weirdness & Mutations

You are immune to sickness and miasma.
Your stone body is resilient. (AC +6)
You are immune to poison.
You resist negative energy. (rN+)
You are resistant to electric shocks. (rElec)
You are resistant to unholy torment.
You are immune to petrification.


Message History

You have reached level 9!
Your experience leads to an increase in your attributes!
Your base attributes are Str 19, Int 10, Dex 11.
Increase (S)trength, (I)ntelligence, or (D)exterity?
You feel stronger. x2
m - a potion of might You now have 630 gold pieces (gained 81).
You now have 638 gold pieces (gained 8).
There is an open door here.
Found a stormy altar of Qazlal and an ornate altar of the Wu Jian Council.
You feel yourself speed up.
You enter the shallow water.
Moving in this stuff is going to be slow.
Found eleven items.
Found a shimmering altar of Xom.
Found ten items.
The water moccasin hisses angrily.
Found seven items.
Found six items.
A kraken comes into view.
The walls and floor vibrate strangely for a moment.
Tentacles burst out of the water! 2 tentacles come into view.
You open the door. The tentacle slaps you! The tentacle slaps you.
Found a grey potion, 3 coppery potions, 25 gold pieces, 9 stones and a spear.
The tentacle slaps you but does no damage.
A tentacle segment comes into view.
There is an open door here.
Found five items.
The tentacle slaps you!!
* * * LOW HITPOINT WARNING * * *
You see here 3 poisoned darts.
You see here 8 stones.
The tentacle slaps you but does no damage.
You see here a potion of curing.
The tentacle barely misses you.
You see here a scroll labelled XIMNIV MOOG.
Found the Orb of Zot.
The tentacle slaps you but does no damage.
You see here 3 potions of magic.
The tentacle slaps you!
You die...

▓▓ 0.. ▓▓▓▓▓▓▓▓▓
≈§§§§≈§§▓▓ ..
▓▓▓▓▓▓▓▓▓▓ ..
?$???$?(▓▓ #.
▓)($($$!!▓▓ +.###
|▓[$!$$:?@▓▓ ...#
#▓($!=$!w!▓▓ ##..#
#▓$$))!/!?▓▓ .'..#
#▓$!(!│$!!▓▓ .#..#
#▓$!$[│?((▓▓
##..####▓$[!?$\!(▓▓
###...##▓▓▓▓▓▓▓\▓▓▓▓+▓
..~~~~~~~~~~~~~.\wXw≈▓
§.~#+########+###V≈w≈▓


You could see a kraken and 2 tentacles.

Vanquished Creatures
  A great orb of eyes (D)
  A merfolk siren (D)
  2 wyverns (D)
  Menkaure (D)
  4 necrophages (D)
  5 scorpions (D)
14 creatures vanquished.

Vanquished Creatures (others)
  A water moccasin (D)
1 creature vanquished.

Grand Total: 15 creatures vanquished

Notes
Turn   | Place    | Note
-------+----------+-------------------------------------------
     0 | D        | dialectric the Gargoyle Fighter began the quest for the
                  | Orb.
     0 | D        | Reached XP level 1. HP: 14/14 MP: 1/1
     8 | D        | Noticed a merfolk siren
    16 | D        | Killed a merfolk siren
    17 | D        | Reached skill level 5 in Maces & Flails
    17 | D        | Reached XP level 2. HP: 20/26 MP: 2/2
    17 | D        | Reached XP level 3. HP: 23/30 MP: 3/3
    17 | D        | Reached XP level 4. HP: 28/36 MP: 4/4
    17 | D        | Reached XP level 5. HP: 31/40 MP: 5/5
    17 | D        | Reached XP level 6. HP: 35/45 MP: 6/6
    27 | D        | Killed a water moccasin
    35 | D        | Reached XP level 7. HP: 46/51 MP: 7/7
    47 | D        | Reached skill level 10 in Fighting
    47 | D        | Reached skill level 6 in Maces & Flails
    47 | D        | Reached skill level 10 in Armour
    52 | D        | Noticed a wyvern
    52 | D        | Noticed a wyvern
    58 | D        | Killed a wyvern
    59 | D        | Reached skill level 7 in Maces & Flails
    67 | D        | Killed a wyvern
    68 | D        | Reached XP level 8. HP: 60/60 MP: 8/8
   103 | D        | Reached skill level 8 in Maces & Flails
   103 | D        | Reached skill level 1 in Dodging
   128 | D        | Reached skill level 9 in Maces & Flails
   142 | D        | Found Havvyrph's Jewellery Emporium.
   142 | D        | Found Ysiahij's Jewellery Emporium.
   142 | D        | Found Ycockof's Antique Weapon Shoppe.
   142 | D        | Found Seotit's Antique Armour Shoppe.
   142 | D        | Found Ovvomp's Jewellery Emporium.
   143 | D        | Found Qiuwava's Magic Scroll Emporium.
   143 | D        | Found Nalafure's General Store.
   144 | D        | Found Geremodo's Distillery.
   144 | D        | Found Hecunusa's Book Shoppe.
   144 | D        | Found Gumpif's Antique Armour Shoppe.
   145 | D        | Found Huong's Distillery.
   145 | D        | Noticed a fire dragon
   146 | D        | Found Ucadgh's Jewellery Shoppe.
   146 | D        | Found Petura's Distillery.
   146 | D        | Noticed Menkaure
   146 | D        | Noticed an oklob plant
   147 | D        | Found Hoolou's Distillery.
   147 | D        | Found Vuv Far's Book Shoppe.
   147 | D        | Noticed a wyvern
   147 | D        | Noticed a wyvern
   154 | D        | Noticed a wyvern
   159 | D        | Killed Menkaure
   189 | D        | Noticed a hell hog
   189 | D        | Noticed a hell hog
   190 | D        | Bought a potion of heal wounds for 50 gold pieces
   197 | D        | Bought a slimy mace for 232 gold pieces
   197 | D        | Identified the +9 mace "Pewufulo" {venom, rF+ Will++ Str-2}
                  | (You bought it in a shop in the Dungeon)
   199 | D        | Bought a scroll of fear for 48 gold pieces
   201 | D        | Bought a +0 cloak for 45 gold pieces
   208 | D        | Bought a scroll of poison for 48 gold pieces
   229 | D        | Reached skill level 10 in Maces & Flails
   248 | D        | Found a blossoming altar of Fedhas.
   249 | D        | Found a white marble altar of Elyvilon.
   250 | D        | Found a shadowy altar of Dithmenos.
   250 | D        | Found a corrupted altar of Lugonu.
   250 | D        | Found an opulent altar of Gozag.
   250 | D        | Found a burning altar of Makhleb.
   251 | D        | Found a snail-covered altar of Cheibriados.
   251 | D        | Found an ancient bone altar of Kikubaaqudgha.
   251 | D        | Found a bloodstained altar of Trog.
   252 | D        | Found a viscous altar of Jiyva.
   252 | D        | Found a shimmering blue altar of Sif Muna.
   253 | D        | Found a hazy altar of Hepliaklqana.
   253 | D        | Found a sacrificial altar of Ru.
   256 | D        | Noticed a great orb of eyes
   266 | D        | Killed a great orb of eyes
   267 | D        | Reached skill level 12 in Maces & Flails
   267 | D        | Reached XP level 9. HP: 35/64 MP: 6/9
   276 | D        | Found a stormy altar of Qazlal.
   276 | D        | Found an ornate altar of the Wu Jian Council.
   279 | D        | Found a shimmering altar of Xom.
   285 | D        | Noticed a kraken
   295 | D        | Slain by a tentacle

Illustrated notes

Levels and vault maps discovered:
D:        the_violet_keep_of_menkaure [sprint2_stairs_cluster_1,
          sprint2_shoproom, sprint2_temple, sprint2_basic_supplies,
          sprint2_obstacle_5, sprint2_obstacle_6, sprint2_obstacle_4,
          sprint2_obstacle_3, sprint2_obstacle_7, sprint2_timed_cluster_1,
          sprint2_smallroom_cluster_1, sprint2_smallroom_final_cluster_1,
          sprint2_transparent_cluster_1, sprint2_second_timed_cluster_1,
          sprint2_sniper_area_1, sprint2_heavy_combat_area_1,
          sprint2_mutation_trap_area_1, sprint2_forest_area_1,
          sprint2_light_combat_area_1, sprint2_behind_water_1,
          sprint2_near_end_vault_1]

Skill      XL: |  1  2  3  4  5  6  7  8 |
---------------+-------------------------+-----
Fighting       | 8 9 11 | 11.1
Maces & Flails | 5 7 12 | 12.6
Armour         | 8 9 11 | 11.8
Shields        | 8 |  8.2
Dodging        | 1 |  1.1

Action                     |  1- 3 |  4- 6 |  7- 9 || total
---------------------------+-------+-------+-------++-------
  Melee: Flail             |     5 |     8 |    62 ||    75
         Mace              |       |       |    12 ||    12
         Punch             |       |       |     1 ||     1
    Use: Potion            |     1 |       |     2 ||     3
 Armour: Scale mail        |       |    10 |    37 ||    47
  Dodge: Dodged            |       |       |    26 ||    26

Table legend: (Time is in decaauts)
 A = Elapsed time spent in this place.
 B = Non-inter-level travel time spent in this place.
 C = Inter-level travel time spent in this place.
 D = Time resting spent in this place.
 E = Time spent auto-exploring this place.
 F = Levels seen in this place.
 G = Mean time per level.
                   A        B        C        D        E       F      G
               +--------+--------+--------+--------+--------+-----+--------+
         Total |    305 |    305 |      0 |     18 |     42 |   1 |  305.0 |
       Dungeon |    305 |    305 |      0 |     18 |     42 |   1 |  305.0 |
               +--------+--------+--------+--------+--------+-----+--------+

Top non-repeatable levels by time:
       D: 305 daAuts
